TOP OF THE 1ST |
Boston Rebels batting - Pitching for So Cal Henvy : RHP Alejandro Méndez
|
Pitching: RHP Alejandro Méndez
|
|
Batting: LHB Bill Wilson
|
0-0: Ground out 3-1 (Groundball, 34)
|
Batting: LHB Lorenzo Flores
|
0-0: Swinging Strike 0-1: Ball 1-1: Ball 2-1: Foul Ball, location: 2F 2-2: Foul Ball, location: 2F 2-2: Ground out U3 (Groundball, 3)
|
Batting: LHB Bill Wilson
|
0-0: Ball 1-0: Called Strike 1-1: Ball 2-1: Ball 3-1: Swinging Strike 3-2: Foul Ball, location: 2F 3-2: Strikes out swinging
|
Top of the 1st over - 0 run(s), 0 hit(s), 0 error(s), 0 left on base; Boston 0 - So Cal 0 |
BOTTOM OF THE 1ST |
So Cal Henvy batting - Pitching for Boston Rebels : LHP Jung-keun Yi
|
Pitching: LHP Jung-keun Yi
|
|
Batting: RHB Greg Handrahan
|
0-0: Called Strike 0-1: Ball 1-1: Ball 2-1: SINGLE (Line Drive, 78S)
|
Batting: RHB William Richardson
|
0-0: Called Strike 0-1: Foul Ball, location: 2F 0-2: Ball Greg Handrahan is caught stealing 2nd base 1-2: Foul Ball, location: 2F 1-2: Foul Ball, location: 2F 1-2: Foul Ball, location: 2F 1-2: Ground out 4-3 (Groundball, 4)
|
Batting: LHB César Valentín
|
0-0: Ball 1-0: Fly out, F8 (Flyball, 8RD)
|
Bottom of the 1st over - 0 run(s), 1 hit(s), 0 error(s), 0 left on base; Boston 0 - So Cal 0 |
TOP OF THE 2ND |
Boston Rebels batting - Pitching for So Cal Henvy : RHP Alejandro Méndez
|
Batting: LHB Miguel Rivería
|
0-0: Ball 1-0: Ball 2-0: Called Strike 2-1: Swinging Strike 2-2: Strikes out looking
|
Batting: RHB Pedro Rodríguez
|
0-0: Ball 1-0: SINGLE (Groundball, 6MD)
|
Batting: LHB Arturo Molina
|
0-0: Foul Ball, location: 2F 0-1: SINGLE (Groundball, 6MD) Pedro Rodríguez to second
|
Batting: RHB Gerardo Escobedo
|
0-0: Ball 1-0: Swinging Strike 1-1: Ball 2-1: Called Strike 2-2: Ball 3-2: Reached on error, E6 (Groundball, 6) Pedro Rodríguez to third Arturo Molina to second
|
Batting: RHB Alberto Ramos
|
0-0: Hit by Pitch Pedro Rodríguez scores Arturo Molina to third Gerardo Escobedo to second
|
Batting: RHB Aaron Washington
|
0-0: Foul Ball, location: 2F 0-1: Ball 1-1: Grounds into double play, 5-4-3 (Groundball, 56)
|
Top of the 2nd over - 1 run(s), 2 hit(s), 1 error(s), 2 left on base; Boston 1 - So Cal 0 |
BOTTOM OF THE 2ND |
So Cal Henvy batting - Pitching for Boston Rebels : LHP Jung-keun Yi
|
Batting: RHB Earl Wiggins
|
0-0: Ball 1-0: Ball 2-0: Foul Ball, location: 2F 2-1: Foul Ball, location: 2F 2-2: Ball 3-2: Base on Balls
|
Batting: LHB José Antonio Santiago
|
0-0: Called Strike 0-1: Ball 1-1: SINGLE (Flyball, 9S) Earl Wiggins to second Throwing error, E9 Earl Wiggins scores José Antonio Santiago to second
|
Batting: RHB Rubén Calderón
|
0-0: Ball 1-0: Swinging Strike 1-1: Fly out, F4 (Popup, 4D)
|
Batting: RHB Lawrence Schroeder
|
0-0: Ball José Antonio Santiago is caught stealing 3rd base 1-0: Ground out 4-3 (Groundball, 34)
|
Bottom of the 2nd over - 1 run(s), 1 hit(s), 1 error(s), 0 left on base; Boston 1 - So Cal 1 |
TOP OF THE 3RD |
Boston Rebels batting - Pitching for So Cal Henvy : RHP Alejandro Méndez
|
Batting: LHB Bill Wilson
|
0-0: Ball 1-0: Swinging Strike 1-1: Foul Ball, location: 2F 1-2: Ball 2-2: Strikes out swinging
|
Batting: LHB Lorenzo Flores
|
0-0: Called Strike 0-1: Fly out, F3 (Line Drive, 3S)
|
Batting: LHB Bill Wilson
|
0-0: Ball 1-0: Called Strike 1-1: Ball 2-1: Swinging Strike 2-2: Strikes out swinging
|
Top of the 3rd over - 0 run(s), 0 hit(s), 0 error(s), 0 left on base; Boston 1 - So Cal 1 |
BOTTOM OF THE 3RD |
So Cal Henvy batting - Pitching for Boston Rebels : LHP Jung-keun Yi
|
Batting: LHB Jeff Carter
|
0-0: SINGLE (Groundball, 34D)
|
Batting: LHB Doyle Otterburn
|
0-0: Called Strike 0-1: Called Strike 0-2: Foul Ball, location: 2F 0-2: Foul Ball, location: 2F 0-2: DOUBLE (Flyball, 89M) Jeff Carter to third
|
Batting: RHB Greg Handrahan
|
0-0: Ball 1-0: Ground out 6-3 (Groundball, 6) Jeff Carter scores
|
Batting: RHB William Richardson
|
0-0: Foul Ball, location: 2F 0-1: Ground out 3-1 (Groundball, 34S) Doyle Otterburn to third
|
Batting: LHB César Valentín
|
0-0: Swinging Strike 0-1: Reached on error, E9 (Flyball, 9S) Doyle Otterburn scores
|
Batting: RHB Earl Wiggins
|
0-0: Ball 1-0: Foul Ball, location: 2F 1-1: Ball 2-1: Ball 3-1: Called Strike 3-2: Foul Ball, location: 2F 3-2: Foul Ball, location: 2F 3-2: Foul Ball, location: 2F 3-2: Fly out, F3 (Popup, 3L)
|
Bottom of the 3rd over - 2 run(s), 2 hit(s), 1 error(s), 1 left on base; Boston 1 - So Cal 3 |
TOP OF THE 4TH |
Boston Rebels batting - Pitching for So Cal Henvy : RHP Alejandro Méndez
|
Batting: LHB Miguel Rivería
|
0-0: Ball 1-0: DOUBLE (Flyball, 89D)
|
Batting: RHB Pedro Rodríguez
|
0-0: Ground out 5-3 (Groundball, 56)
|
Batting: LHB Arturo Molina
|
0-0: Swinging Strike 0-1: Ball 1-1: Called Strike 1-2: Ball 2-2: Ball 3-2: Strikes out swinging
|
Batting: RHB Gerardo Escobedo
|
0-0: Ball 1-0: SINGLE (Groundball, 34D) Miguel Rivería to third Runner from 3rd tries for Home, SAFE, no throw
|
Batting: RHB Alberto Ramos
|
0-0: Ball 1-0: Ball 2-0: Fly out, F9 (Flyball, 9S)
|
Top of the 4th over - 1 run(s), 2 hit(s), 0 error(s), 1 left on base; Boston 2 - So Cal 3 |
BOTTOM OF THE 4TH |
So Cal Henvy batting - Pitching for Boston Rebels : LHP Jung-keun Yi
|
Batting: LHB José Antonio Santiago
|
0-0: Ball 1-0: Called Strike 1-1: Foul Ball, location: 2F 1-2: Ball 2-2: Fly out, F9 (Line Drive, 9S)
|
Batting: RHB Rubén Calderón
|
0-0: Ball 1-0: Ball 2-0: Foul Ball, location: 2F 2-1: Ball 3-1: SOLO HOME RUN (Flyball, 8LXD), Distance : 430 ft
|
Batting: RHB Lawrence Schroeder
|
0-0: Foul Ball, location: 2F 0-1: Ball 1-1: Ball 2-1: Ball 3-1: DOUBLE (Groundball, 5L)
|
Batting: LHB Jeff Carter
|
0-0: Ball 1-0: Ball 2-0: Called Strike 2-1: Foul Ball, location: 2F 2-2: Ball 3-2: Foul Ball, location: 2F 3-2: Base on Balls
|
Batting: LHB Doyle Otterburn
|
0-0: Ball 1-0: Ball 2-0: Called Strike 2-1: Fly out, F8 (Flyball, 8RXD) Runner from 2nd tags up, SAFE at 3rd, no throw
|
Batting: RHB Greg Handrahan
|
0-0: Ball 1-0: Ball 2-0: SINGLE (Line Drive, 9LS) Lawrence Schroeder scores Jeff Carter to second
|
Batting: RHB William Richardson
|
0-0: Ball 1-0: Ground out 3-1 (Groundball, 34)
|
Bottom of the 4th over - 2 run(s), 3 hit(s), 0 error(s), 2 left on base; Boston 2 - So Cal 5 |
TOP OF THE 5TH |
Boston Rebels batting - Pitching for So Cal Henvy : RHP Alejandro Méndez
|
Batting: RHB Aaron Washington
|
0-0: Called Strike 0-1: Ground out 6-3 (Groundball, 6D)
|
Batting: LHB Bill Wilson
|
0-0: Ball 1-0: Ball 2-0: Foul Ball, location: 2F 2-1: Ball 3-1: Called Strike 3-2: DOUBLE (Flyball, 78XD)
|
Batting: LHB Lorenzo Flores
|
0-0: Swinging Strike 0-1: Ball 1-1: Fly out, F8 (Flyball, 8RS)
|
Batting: LHB Bill Wilson
|
0-0: Swinging Strike 0-1: Fly out, F8 (Flyball, 8LM)
|
Top of the 5th over - 0 run(s), 1 hit(s), 0 error(s), 1 left on base; Boston 2 - So Cal 5 |
BOTTOM OF THE 5TH |
So Cal Henvy batting - Pitching for Boston Rebels : LHP Jung-keun Yi
|
Batting: LHB César Valentín
|
0-0: Called Strike 0-1: Foul Ball, location: 2F 0-2: Fly out, F3 (Popup, 3S)
|
Batting: RHB Earl Wiggins
|
0-0: Ball 1-0: Ball 2-0: Called Strike 2-1: Ball 3-1: Called Strike 3-2: Fly out, F8 (Flyball, 8LXD)
|
Batting: LHB José Antonio Santiago
|
0-0: Foul Ball, location: 2F 0-1: Ball 1-1: Ball 2-1: Ground out 4-3 (Groundball, 4D)
|
Bottom of the 5th over - 0 run(s), 0 hit(s), 0 error(s), 0 left on base; Boston 2 - So Cal 5 |
TOP OF THE 6TH |
Boston Rebels batting - Pitching for So Cal Henvy : RHP Alejandro Méndez
|
Batting: LHB Miguel Rivería
|
0-0: Foul Ball, location: 2F 0-1: Ball 1-1: Foul Ball, location: 2F 1-2: Foul Ball, location: 2F 1-2: Ball 2-2: Foul Ball, location: 2F 2-2: SINGLE (Groundball, 4D)
|
Batting: RHB Pedro Rodríguez
|
0-0: Called Strike 0-1: Ball 1-1: Ball 2-1: Ball 3-1: Called Strike 3-2: Foul Ball, location: 2F 3-2: Foul Ball, location: 2F 3-2: Ground out 5-3 (Groundball, 56S) Miguel Rivería to second
|
Batting: LHB Arturo Molina
|
0-0: Called Strike 0-1: Foul Ball, location: 2F 0-2: Strikes out swinging
|
Batting: RHB Gerardo Escobedo
|
0-0: Foul Ball, location: 2F 0-1: Ball 1-1: Ball 2-1: SINGLE (Line Drive, 78S) Miguel Rivería to third
|
Batting: RHB Alberto Ramos
|
0-0: Ball 1-0: Called Strike 1-1: Ball 2-1: SINGLE (Groundball, 15S) (infield hit) Miguel Rivería scores Gerardo Escobedo to second
|
Batting: RHB Aaron Washington
|
0-0: Fielders Choice at 2nd, 6-4 (Groundball, 6)
|
Top of the 6th over - 1 run(s), 3 hit(s), 0 error(s), 1 left on base; Boston 3 - So Cal 5 |
BOTTOM OF THE 6TH |
So Cal Henvy batting - Pitching for Boston Rebels : LHP Jung-keun Yi
|
Batting: RHB Rubén Calderón
|
0-0: Ball 1-0: Foul Ball, location: 2F 1-1: Ball 2-1: SOLO HOME RUN (Flyball, 78XD), Distance : 400 ft
|
Pitching: RHP Carlos Ruíz
|
|
Batting: RHB Lawrence Schroeder
|
0-0: Foul Ball, location: 2F 0-1: Ball 1-1: Swinging Strike 1-2: SINGLE (Line Drive, 9S)
|
Batting: LHB Jeff Carter
|
0-0: Called Strike 0-1: Foul Ball, location: 2F 0-2: SINGLE (Groundball, 3D) Lawrence Schroeder to second Runner from 2nd tries for 3rd, SAFE, throw made to third
|
Batting: LHB Doyle Otterburn
|
0-0: Ball 1-0: Called Strike 1-1: SINGLE (Line Drive, 9LS) Lawrence Schroeder scores Jeff Carter to second
|
Batting: RHB Greg Handrahan
|
0-0: Ball 1-0: Ball 2-0: Ball 3-0: Fielders Choice at 2nd, 1-4 (Groundball, 15S) Jeff Carter to third
|
Batting: RHB William Richardson
|
0-0: Ball 1-0: Ball 2-0: Ball 3-0: Called Strike 3-1: Foul Ball, location: 2F 3-2: Strikes out swinging
|
Batting: LHB César Valentín
|
0-0: Swinging Strike 0-1: Ball 1-1: Foul Ball, location: 2F 1-2: Ball 2-2: SINGLE (Groundball, 34D) Jeff Carter scores Greg Handrahan to second Runner from 2nd tries for 3rd, SAFE, throw made to third
|
Pitching: RHP Chad Field
|
|
Batting: RHB Earl Wiggins
|
0-0: Ball 1-0: Ball 2-0: Called Strike 2-1: Called Strike 2-2: Fly out, F2 (Popup, 25)
|
Bottom of the 6th over - 3 run(s), 5 hit(s), 0 error(s), 2 left on base; Boston 3 - So Cal 8 |
TOP OF THE 7TH |
Boston Rebels batting - Pitching for So Cal Henvy : RHP Alejandro Méndez
|
Batting: LHB Bill Wilson
|
0-0: Ball 1-0: Foul Ball, location: 2F 1-1: Ball 2-1: Foul Ball, location: 2F 2-2: Ground out 5-3 (Groundball, 56)
|
Batting: LHB Lorenzo Flores
|
0-0: Ball 1-0: Ground out 4-3 (Groundball, 4)
|
Batting: LHB Bill Wilson
|
0-0: Ball 1-0: Called Strike 1-1: Foul Ball, location: 2F 1-2: Ball 2-2: Strikes out looking
|
Top of the 7th over - 0 run(s), 0 hit(s), 0 error(s), 0 left on base; Boston 3 - So Cal 8 |
BOTTOM OF THE 7TH |
So Cal Henvy batting - Pitching for Boston Rebels : RHP Chad Field
|
Batting: LHB José Antonio Santiago
|
0-0: Called Strike 0-1: SINGLE (Line Drive, 34D)
|
Batting: RHB Rubén Calderón
|
0-0: Called Strike 0-1: Called Strike 0-2: Ball 1-2: Grounds into double play, 5-4-3 (Groundball, 5)
|
Batting: RHB Lawrence Schroeder
|
0-0: Ball 1-0: Ball 2-0: Ground out 5-3 (Groundball, 56S)
|
Bottom of the 7th over - 0 run(s), 1 hit(s), 0 error(s), 0 left on base; Boston 3 - So Cal 8 |
TOP OF THE 8TH |
Boston Rebels batting - Pitching for So Cal Henvy : RHP Alejandro Méndez
|
Pitching: LHP Keith Swanson
|
|
Now at 1B: Miguel González
|
|
Batting: LHB Miguel Rivería
|
0-0: Called Strike 0-1: Called Strike 0-2: Strikes out swinging
|
Batting: RHB Pedro Rodríguez
|
0-0: Called Strike 0-1: Hit by Pitch
|
Batting: LHB Arturo Molina
|
0-0: Ball 1-0: Foul Ball, location: 2F 1-1: Ball 2-1: Ball 3-1: Foul Ball, location: 2F 3-2: Foul Ball, location: 2F 3-2: Fly out, F7 (Flyball, 7)
|
Batting: RHB Gerardo Escobedo
|
0-0: Ball 1-0: Called Strike 1-1: SINGLE (Groundball, 34D) Pedro Rodríguez to second Runner from 2nd tries for 3rd, SAFE, throw made to third
|
Batting: RHB Alberto Ramos
|
0-0: Ball 1-0: Reached on error, E6 (Groundball, 6) Pedro Rodríguez scores Gerardo Escobedo to second
|
Pitching: RHP Masahiko Okada
|
|
Batting: RHB Aaron Washington
|
0-0: Called Strike 0-1: Called Strike 0-2: Ball 1-2: Ball 2-2: SINGLE (Line Drive, 5S) Gerardo Escobedo to third Alberto Ramos to second Runner from 3rd tries for Home, SAFE, no throw
|
Pitching: LHP Stanley Inman
|
|
Batting: LHB Bill Wilson
|
0-0: Called Strike 0-1: Fly out, F2 (Popup, P)
|
Top of the 8th over - 2 run(s), 2 hit(s), 1 error(s), 2 left on base; Boston 5 - So Cal 8 |
BOTTOM OF THE 8TH |
So Cal Henvy batting - Pitching for Boston Rebels : RHP Chad Field
|
Batting: LHB Jeff Carter
|
0-0: Ball 1-0: Ball 2-0: Called Strike 2-1: SINGLE (Groundball, 4D)
|
Batting: LHB Doyle Otterburn
|
0-0: Ball 1-0: Bunted foul 1-1: Ball 2-1: Sac Bunt - play at first, batter OUT! 1-4 Jeff Carter to second
|
Batting: RHB Greg Handrahan
|
0-0: Ball 1-0: Called Strike 1-1: Ball 2-1: Ball 3-1: Called Strike 3-2: Fly out, F9 (Flyball, 9S)
|
Batting: RHB William Richardson
|
0-0: Called Strike 0-1: Swinging Strike 0-2: Ball 1-2: Strikes out swinging
|
Bottom of the 8th over - 0 run(s), 1 hit(s), 0 error(s), 1 left on base; Boston 5 - So Cal 8 |
TOP OF THE 9TH |
Boston Rebels batting - Pitching for So Cal Henvy : LHP Stanley Inman
|
Pitching: RHP Jerry Good
|
|
Batting: LHB Lorenzo Flores
|
0-0: Ball 1-0: Ball 2-0: Foul Ball, location: 2F 2-1: Ball 3-1: Base on Balls
|
Batting: LHB Bill Wilson
|
0-0: Fly out, F7 (Flyball, 7LM)
|
Batting: LHB Miguel Rivería
|
0-0: SINGLE (Flyball, 8LM) Lorenzo Flores to second
|
Batting: RHB Pedro Rodríguez
|
0-0: Ball 1-0: Foul Ball, location: 2F 1-1: Grounds into double play, 5-4-3 (Groundball, 56)
|
Top of the 9th over - 0 run(s), 1 hit(s), 0 error(s), 1 left on base; Boston 5 - So Cal 8 |
|